 Dungeon Crawl Stone Soup version 0.26.1-10-gdfb7c7de75 (webtiles) character file.

Game seed: 8918239774388566155

6143 pascalblue the Arsonist (level 10, -5/50 HPs)
             Began as a Deep Elf Fire Elementalist on Apr 6, 2021.
             Was a Believer of Vehumet.
             Slain by a yak (14 damage)
             ... on level 9 of the Dungeon.
             The game lasted 00:43:20 (12578 turns).

pascalblue the Arsonist (DEFE)                     Turns: 12578, Time: 00:43:20

Health: -5/50      AC:  5    Str:  5    XL:     10   Next: 59%
Magic:  0/25       EV: 13    Int: 24    God:    Vehumet [**....]
Gold:   517        SH:  0    Dex: 15    Spells: 8/28 levels left

rFire    . . .     SeeInvis .   H - staff of death
rCold    . . .     Faith    .   (no shield)
rNeg     + . .     Spirit   .   a - +0 robe
rPois    .         Reflect  .   (no helmet)
rElec    .         Harm     .   p - +1 cloak {Will+}
rCorr    .         Rampage  .   E - +0 pair of gloves
Will     ++...                  (no boots)
Stlth    ++........             (no amulet)
HPRegen  0.16/turn              (no ring)
MPRegen  0.19/turn              (no ring)

@: no status effects
A: no striking features
a: Renounce Religion


You were on level 9 of the Dungeon.
You worshipped Vehumet.
Vehumet was pleased with you.
You visited 2 branches of the dungeon, and saw 10 of its levels.

You collected 617 gold pieces.
You spent 100 gold pieces at shops.

Inventory:

Hand Weapons
 c - a +1 dagger
 o - a +5 quarterstaff of chaos
 u - a +0 shortbow
 x - a +0 rapier of venom
 z - a +2 quarterstaff of distortion
Missiles
 b - 322 stones
 j - 272 arrows
 v - 11 boomerangs
Armour
 a - a +0 robe (worn)
 p - a +1 cloak of willpower (worn)
 A - a +1 cloak
 E - a +0 pair of gloves (worn)
Magical Staves
 H - an uncursed staff of death (weapon)
Jewellery
 J - an uncursed ring of see invisible
Wands
 d - a wand of polymorph (8)
 k - a wand of paralysis (13)
 C - a wand of disintegration (25)
 F - a wand of flame (16)
Scrolls
 l - 3 scrolls of magic mapping
 m - 7 scrolls of remove curse
 y - a scroll of fog
 B - a scroll of fear
 I - a scroll of amnesia
Potions
 e - 4 potions of attraction
 g - a potion of might {unknown}
 h - 2 potions of lignification
 i - 4 potions of mutation
 n - a potion of flight {unknown}
 q - 2 potions of invisibility {unknown}
 s - 2 potions of brilliance {unknown}
 t - a potion of magic {unknown}
 w - a potion of berserk rage {unknown}
 D - 2 potions of haste {unknown}


   Skills:
 - Level 2.4 Dodging
 - Level 2.4 Stealth
 + Level 9.5 Spellcasting
 + Level 10.5 Conjurations
 - Level 1.0 Hexes
 * Level 4.3 Necromancy
 + Level 10.8 Fire Magic
 + Level 3.5 Evocations


You had 8 spell levels left.
You knew the following spells:

 Your Spells              Type           Power        Failure   Level
a - Foxfire               Conj/Fire      100%         1%          1
b - Sticky Flame          Conj/Fire      58%          1%          4
c - Fireball              Conj/Fire      29%          1%          5
d - Inner Flame           Hex/Fire       40%          1%          3
e - Conjure Flame         Conj/Fire      58%          1%          3
f - Magic Dart            Conj           100%         1%          1
g - Vampiric Draining     Necr           24%          2%          3

Your spell library contained the following spells:

 Spells                   Type           Power        Failure   Level
 Frozen Ramparts          Ice            22%          17%         3
 Animate Skeleton         Necr           96%          1%          1
 Pain                     Necr           100%         1%          1
 Animate Dead             Necr           24%          10%         4
 Agony                    Necr           48%          26%         5


Dungeon Overview and Level Annotations

Branches:
Dungeon (9/15)             Temple (1/1) D:5
   Lair: D:8-11         Orc: D:9-12

Altars:
Ashenzari
Cheibriados
Dithmenos
Elyvilon
Fedhas
Gozag
Kikubaaqudgha
Makhleb
Okawaru
Qazlal
Ru
Sif Muna
Trog
Uskayaw
Vehumet
Zin
The Shining One

Shops:
D:4 (   D:5 ?   D:9 *

Annotations:
D:5 3 runed translucent doors, TheGreatAnchovy's ghost, novice OpBe; TheGreatAnchovy's ghost, novice VSBe; acdeimund's ghost, novice DrCj; belegose's ghost, novice GnWn
D:6 Eustachio


Message History

Casting: Sticky Flame (dangerous; 1% risk of failure)
Confirm with . or Enter, or press ? or * to list all spells.
Aiming: Sticky Flame (dangerous; 1% risk of failure)
Press: ? - help, Shift-Dir - straight line, f - yak
Aim: a yak (0% to evade)
The sticky flame hits the yak!
The yak is moderately wounded.
The yak is covered in liquid flames!
The yak burns!
The yak gores you but does no damage.
The yak burns!
The yak burns!
The yak gores you!
* * * LOW HITPOINT WARNING * * *
The yak burns!
The yak burns!
The yak burns!
The yak burns!
The yak stops burning.
Casting: Sticky Flame (dangerous; 1% risk of failure)
Confirm with . or Enter, or press ? or * to list all spells.
You conjure some foxfire!
The yak gores you!
You die...

.#.............#
..............#
#.............#
##...........#
#...........#
..#..†......########
######.#.....##.##.##
####...##.v....#
#...)..Y@#†.#
#..[...v†...#
##........#.##
#........####
#.....#### ##...##
##.## ###


You could see a yak.

Vanquished Creatures
  A two-headed ogre (D:8)
  Joseph (D:8)
  Grinder (D:6)
  Sigmund (D:2)
  8 yaks
  Duvessa (D:7)
  A black bear (D:9)
  2 ice beasts
  2 sky beasts (D:7)
  2 orc warriors
  2 phantoms
  6 centaurs
  An ogre (D:9)
  A big kobold (D:7)
  Dowan (D:7)
  6 bullfrogs
  4 scorpions
  10 killer bees
  3 howler monkeys
  4 hounds
  A bullfrog zombie (D:5)
  A jelly (D:8)
  Crazy Yiuf (D:2)
  3 orc priests
  7 orc wizards
  Jessica (D:2)
  4 worker ants
  2 iguanas
  2 worker ant zombies
  A howler monkey zombie (D:5)
  A howler monkey skeleton (D:6)
  A gnoll (D:1)
  8 adders
  A white imp (D:9)
  2 oozes
  An adder skeleton (D:4)
  An adder zombie (D:6)
  3 worms
  A dart slug (D:1)
  4 leopard geckos
  28 orcs
  A ball python (D:1)
  3 bat zombies (D:7)
  7 giant cockroaches
  7 hobgoblins
  7 jackals
  2 quokkas
  A ball python skeleton (D:5)
  9 bats
  6 frilled lizards
  6 goblins
  A jackal zombie (D:5)
  16 kobolds
  A leopard gecko zombie (D:5)
  6 rats
205 creatures vanquished.

Vanquished Creatures (collateral kills)
  A foxfire (D:3)
1 creature vanquished.

Vanquished Creatures (others)
  534 foxfires
  4 fungi (D:8)
  5 toadstools (D:8)
  2 withered plants (D:5)
545 creatures vanquished.

Grand Total: 751 creatures vanquished

Notes
Turn   | Place    | Note
-------+----------+-------------------------------------------
     0 | D:1      | pascalblue the Deep Elf Fire Elementalist began the quest
                  | for the Orb.
     0 | D:1      | Reached XP level 1. HP: 10/10 MP: 6/6
    22 | D:1      | Reached XP level 2. HP: 15/15 MP: 2/8
   458 | D:1      | Reached XP level 3. HP: 14/19 MP: 3/9
   723 | D:1      | You fall into a shaft and drop 1 floor!
  1655 | D:2      | Found a runed translucent door.
  1656 | D:2      | Noticed Crazy Yiuf
  1737 | D:2      | Noticed Sigmund
  1743 | D:2      | Killed Sigmund
  1744 | D:2      | Reached skill level 5 in Fire Magic
  1744 | D:2      | Reached XP level 4. HP: 24/24 MP: 6/12
  1744 | D:2      | Reached XP level 5. HP: 28/28 MP: 6/13
  1820 | D:2      | Found a faded altar of an unknown god.
  2117 | D:2      | Noticed Jessica
  2121 | D:2      | Killed Jessica
  2598 | D:2      | Killed Crazy Yiuf
  2599 | D:2      | Reached XP level 6. HP: 12/32 MP: 10/14
  2995 | D:3      | Found a stormy altar of Qazlal.
  3100 | D:3      | Found a blossoming altar of Fedhas.
  3127 | D:3      | Learned a level 4 spell: Sticky Flame
  3133 | D:3      | Learned a level 5 spell: Fireball
  3446 | D:3      | Found a shadowy altar of Dithmenos.
  3446 | D:3      | Found a bloodstained altar of Trog.
  3446 | D:3      | Found a white marble altar of Elyvilon.
  3825 | D:4      | Found Doihol's Weapon Shop.
  3837 | D:4      | Found a sacrificial altar of Ru.
  4205 | D:4      | Reached skill level 5 in Spellcasting
  4205 | D:4      | Reached skill level 5 in Conjurations
  4544 | D:4      | Reached XP level 7. HP: 36/36 MP: 13/16
  4686 | D:5      | Entered Level 5 of the Dungeon
  4686 | D:5      | Found Epnoiq's Magic Scroll Shop.
  4742 | D:5      | Learned a level 3 spell: Inner Flame
  4746 | D:5      | Learned a level 3 spell: Conjure Flame
  5270 | D:5      | Found a stormy altar of Qazlal.
  5291 | D:5      | Found a runed translucent gate.
  5291 | D:5      | Found a runed translucent gate.
  5291 | D:5      | Found a runed translucent gate.
  5295 | D:5      | Noticed TheGreatAnchovy's ghost (novice OpBe)
  5380 | D:5      | Noticed belegose's ghost (novice GnWn)
  6023 | D:5      | Noticed TheGreatAnchovy's ghost (novice VSBe)
  6024 | D:5      | Noticed acdeimund's ghost (novice DrCj)
  6047 | D:5      | Found a staircase to the Ecumenical Temple.
  6071 | Temple   | Entered the Ecumenical Temple
  6087 | Temple   | Became a worshipper of Vehumet
  6433 | D:6      | Reached XP level 8. HP: 41/41 MP: 15/19
  6444 | D:6      | Noticed Grinder
  6460 | D:6      | Killed Grinder
  7182 | D:6      | Noticed Eustachio
  7529 | D:6      | Reached XP level 9. HP: 17/45 MP: 1/22
  8110 | D:7      | Reached * piety under Vehumet
  8110 | D:7      | Offered knowledge of Magic Dart by Vehumet.
  8156 | D:7      | Learned a level 1 spell: Magic Dart
  8187 | D:7      | Found a bloodstained altar of Trog.
  8221 | D:7      | Noticed Duvessa
  8224 | D:7      | Noticed Dowan
  8233 | D:7      | Killed Duvessa
  8244 | D:7      | Killed Dowan
  8821 | D:7      | Found an ancient bone altar of Kikubaaqudgha.
  9310 | D:8      | Reached skill level 10 in Fire Magic
  9653 | D:8      | Noticed a two-headed ogre
  9674 | D:8      | Killed a two-headed ogre
  9675 | D:8      | Reached skill level 1 in Hexes
  9675 | D:8      | Reached skill level 1 in Evocations
  9878 | D:8      | Noticed Joseph
  9883 | D:8      | HP: 1/45 [Joseph/sling bullet (16)]
  9971 | D:9      | Reached skill level 10 in Conjurations
  9971 | D:9      | Reached XP level 10. HP: 12/50 MP: 9/24
 10284 | D:9      | Found Melin's General Store.
 10294 | D:9      | Bought 2 potions of heal wounds for 100 gold pieces
 10441 | D:9      | Reached ** piety under Vehumet
 10441 | D:9      | Offered knowledge of Shock by Vehumet.
 10743 | D:8      | Found a burning altar of Makhleb.
 10756 | D:8      | Learned a level 3 spell: Vampiric Draining
 10833 | D:8      | Killed Joseph
 10834 | D:8      | Reached skill level 1 in Necromancy
 11497 | D:8      | Found a hide-covered altar of Uskayaw.
 12045 | D:8      | Found a snail-covered altar of Cheibriados.
 12046 | D:8      | Found a broken altar of Ashenzari.
 12107 | D:9      | Found a shimmering blue altar of Sif Muna.
 12150 | D:9      | HP: 2/50 [something (6)]
 12212 | D:9      | Offered knowledge of Frozen Ramparts by Vehumet.
 12578 | D:9      | Slain by a yak

Illustrated notes

Levels and vault maps discovered:
D:1:      minmay_arrival_plants_in_alcoves, layout_basic, minmay_tromino_i2
D:2:      layout_basic, chequers_ecumenical_altar_twisty, uniq_jessica,
          uniq_sigmund, uniq_crazy_yiuf_cottage
D:3:      layout_basic, gammafunk_temple_overflow_forgotten,
          fedhas_ov_isle_minmay, marbit_many_paths
D:4:      layout_basic, lemuel_round_altar, serial_shops, nicolae_shop_trees,
          serial_glass, glass_columns_b, glass_columns_a, glass_columns_b,
          glass_columns_a, glass_columns_a, glass_columns_a, glass_columns_a,
          glass_columns_b, kennysheep_dice
D:5:      layout_cave_pods, minmay_temple_entry_mist, serial_shops, shop,
          gammafunk_ghost_cemetery, nicolae_qazlal_general_emergency
D:6:      layout_basic, uniq_grinder, uniq_eustachio, uniq_prince_ribbit1
D:7:      layout_basic, lemuel_zombie_altar_kikubaaqudgha,
          trog_three_pillars_becter, uniq_duvessa
D:8:      layout_loops_ring, lemuel_doored_altar, lemuel_round_altar,
          amethyst_overflow_temple_binary, minmay_gold_behind_fungi,
          sigmund_army, uniq_joseph
D:9:      layout_cave_pools, kennysheep_mini, serial_shops, shop,
          kennysheep_island_fort
Temple:   zaba_magenta_temple

Skill      XL: |  1  2  3  4  5  6  7  8  9 10 |
---------------+-------------------------------+-----
Conjurations   | 2 3 4 5 6 8 10 | 10.5
Fire Magic     | 5 6 7 9 10 | 10.8
Spellcasting   | 4 5 6 7 8 9 |  9.5
Hexes          | 1 |  1.0
Evocations     | 1 3 |  3.5
Necromancy     | 4 |  4.3
Dodging        | |  2.4
Stealth        | |  2.4

Action                   |  1- 3 |  4- 6 |  7- 9 | 10-12 || total
-------------------------+-------+-------+-------+-------++-------
Melee: Dagger            |    24 |     6 |       |       ||    30
       Quarterstaff      |       |     8 |    28 |     3 ||    39
       Staff             |       |       |       |    26 ||    26
 Cast: Foxfire           |    47 |    74 |   192 |    35 ||   348
       Sticky Flame      |       |       |    21 |    18 ||    39
       Fireball          |       |       |     7 |     6 ||    13
       Conjure Flame     |       |       |     7 |       ||     7
       Magic Dart        |       |       |       |    10 ||    10
       Vampiric Draining |       |       |       |     9 ||     9
  Use: Scroll            |     4 |     5 |     6 |     4 ||    19
       Potion            |       |     1 |     1 |     6 ||     8
Armor: Robe              |    25 |     5 |    21 |    21 ||    72
Dodge: Dodged            |    53 |    25 |   104 |    90 ||   272
